 Dungeon Crawl Stone Soup version 0.23.1 (webtiles) character file.

Game seed: 6195954613592256896

798 Fang the Skirmisher (level 7, -2/45 HPs)
             Began as a Gargoyle Berserker on Mar 11, 2019.
             Was a Priest of Trog.
             Slain by a bullfrog (4 damage)
             ... on level 8 of the Dungeon.
             The game lasted 00:04:08 (3493 turns).

Fang the Skirmisher (Gargoyle Berserker)            Turns: 3493, Time: 00:04:09

Health: -2/45      AC: 17    Str: 23    XL:     7   Next: 89%
Magic:  7/7        EV:  8    Int:  7    God:    Trog [***...]
Gold:   274        SH:  0    Dex:  9    Spells: 6/6 levels left

rFire    . . .     SeeInvis .   p - +0 battleaxe
rCold    . . .     Gourm    .   (shield currently unavailable)
rNeg     + . .     Faith    .   m - +0 plate armour
rPois    ∞         Spirit   .   (no helmet)
rElec    +         Reflect  .   (no cloak)
rCorr    .         Harm     .   (no gloves)
MR       ++...                  (no boots)
Stlth    ..........             (no amulet)
HPRegen  1.15/turn              (no ring)
MPRegen  0.10/turn              (no ring)

@: regenerating
A: negative energy resistance 1, electricity resistance, unbreathing,
petrification resistance, rot immunity, AC +4
a: Berserk, Trog's Hand, Renounce Religion


You were on level 8 of the Dungeon.
You worshipped Trog.
Trog was most pleased with you.
You were not hungry.

You visited 2 branches of the dungeon, and saw 7 of its levels.

You collected 274 gold pieces.

Inventory:

Hand Weapons
 p - a +0 battleaxe (weapon)
Armour
 m - a +0 plate armour (worn)
Wands
 l - a wand of flame (9)
Scrolls
 b - a scroll of teleportation {unknown}
 d - 5 scrolls of remove curse {unknown}
 e - 2 scrolls of magic mapping {unknown}
 k - a scroll of random uselessness {unknown}
 n - a scroll of identify {unknown}
 o - 2 scrolls of enchant weapon {unknown}
 q - a scroll of enchant armour {unknown}
Potions
 f - 7 potions of lignification {unknown}
 g - a potion of haste {unknown}
 h - a potion of mutation {unknown}
 i - a potion of flight {unknown}
 j - 2 potions of degeneration {unknown}
 r - a potion of agility {unknown}
Comestibles
 c - 15 rations


   Skills:
 + Level 5.6 Fighting
 + Level 4.7 Axes
 + Level 5.1 Armour
 + Level 3.8 Dodging


You had 6 spell levels left.
You didn't know any spells.
Your spell library was empty.

Dungeon Overview and Level Annotations

Branches:
Dungeon (5/15)             Temple (1/1) D:4

Altars:
Cheibriados
Makhleb
Okawaru
Ru
Sif Muna
Trog

Shops:
D:4 !


Innate Abilities, Weirdness & Mutations

You are resistant to torment.
Your stone body is resilient. (AC +4)
You are immune to poison.
You resist negative energy. (rN+)
You are resistant to electric shocks. (rElec)
You can survive without breathing.
You are immune to petrification.
You are immune to rotting.


Message History

You closely miss the wolf.
You recover from your berserk rage.
The wolf bites you but does no damage. The bullfrog misses you.
The wolf bites you but does no damage. The adder bites you.
* * * LOW HITPOINT WARNING * * *
The adder closely misses you.
The bullfrog hits you but does no damage.
The wolf barely misses you.
The adder bites you but does no damage. x2
You eat one of the 16 rations.
That ration really hit the spot!
The wolf bites you but does no damage.
The bullfrog hits you but does no damage.
The adder closely misses you. The adder bites you but does no damage.
Okay, then.
Your skin crawls.
You feel resistant to hostile enchantments.
You feel somewhat more hungry. The wolf bites you but does no damage.
The bullfrog closely misses you. The adder closely misses you.
The adder bites you but does no damage. The wolf bites you but does no damage.
The bullfrog hits you.
You die...

...........
......... .......
.# #.....# ..#.
#.....#...?.
#....# ......
#..h.##.....#
..###@ST........
......SF#.........
.......h.........
......###........
............###..
#.##.#....)..##.#
# ####...††....#
#....(.....#
#.............#


You could see a troll, 2 wolves, a bullfrog and 2 adders.

Vanquished Creatures
  An ice beast (D:5)
  A centaur (D:8)
  A scorpion (D:3)
  2 howler monkeys (D:8)
  An orc priest (D:3)
  2 hounds
  2 orc wizards (D:3)
  Terence (D:2)
  A worker ant (D:4)
  A hound skeleton (D:4)
  6 gnolls (D:2)
  10 adders
  2 shadow imps
  An ooze (D:3)
  2 adder zombies
  2 worms (D:3)
  3 dart slugs
  2 leopard geckos
  21 orcs
  3 ball pythons
  3 bats (D:1)
  5 giant cockroaches
  7 goblins
  5 hobgoblins
  4 jackals (D:3)
  5 kobolds
  A quokka (D:8)
  3 frilled lizards
  A giant cockroach zombie (D:5)
  A jackal skeleton (D:4)
  6 rats
106 creatures vanquished.

Notes
Turn   | Place    | Note
-------+----------+-------------------------------------------
     0 | D:1      | Fang the Gargoyle Berserker began the quest for the Orb.
     0 | D:1      | Reached XP level 1. HP: 14/14 MP: 1/1
   367 | D:1      | Reached XP level 2. HP: 19/19 MP: 2/2
   730 | D:2      | Noticed Terence
   748 | D:2      | Killed Terence
   748 | D:2      | Reached XP level 3. HP: 11/24 MP: 3/3
  1127 | D:2      | Reached XP level 4. HP: 29/29 MP: 4/4
  1141 | D:2      | Reached ** piety under Trog
  1425 | D:2      | Found an iron altar of Okawaru.
  1434 | D:2      | Reached XP level 5. HP: 27/33 MP: 5/5
  1536 | D:2      | Found a deep blue altar of Sif Muna.
  1835 | D:3      | Reached XP level 6. HP: 28/39 MP: 6/6
  2040 | D:3      | Reached *** piety under Trog
  2448 | D:3      | Found a bloodstained altar of Trog.
  2747 | D:4      | Reached skill level 5 in Fighting
  2833 | D:4      | Found Nuv Vasi's Distillery.
  2913 | D:4      | Found a staircase to the Ecumenical Temple.
  2923 | D:4      | Reached XP level 7. HP: 41/44 MP: 7/7
  2937 | Temple   | Entered the Ecumenical Temple
  3161 | D:4      | Found a snail-covered altar of Cheibriados.
  3221 | D:4      | Found a sacrificial altar of Ru.
  3385 | D:5      | Entered Level 5 of the Dungeon
  3402 | D:5      | Found a burning altar of Makhleb.
  3455 | D:5      | You fall through a shaft for 3 floors!
  3465 | D:8      | Reached skill level 5 in Armour
  3477 | D:8      | Noticed a troll
  3491 | D:8      | HP: 1/45 [adder (2)]
  3493 | D:8      | Slain by a bullfrog

Skill      XL: |  1  2  3  4  5  6  7 |
---------------+----------------------+-----
Axes           | 3 4 |  4.7
Dodging        | 2 3 |  3.8
Armour         | 3 4 5 |  5.1
Fighting       | 4 5 |  5.6

Action                   |  1- 3 |  4- 6 |  7- 9 || total
-------------------------+-------+-------+-------++-------
Melee: Hand axe          |    79 |   199 |       ||   278
       Battleaxe         |       |   114 |    73 ||   187
Invok: Berserk           |     1 |     1 |     1 ||     3
       Trog's Hand       |       |       |     2 ||     2
  Eat: Chunk             |     2 |     7 |     1 ||    10
       Ration            |       |       |     1 ||     1
Armor: Chain mail        |    39 |       |       ||    39
       Animal skin       |     4 |       |       ||     4
       Plate armour      |     7 |   305 |   150 ||   462
Dodge: Dodged            |    38 |   130 |    65 ||   233
